 Dungeon Crawl Stone Soup version 0.29-a0-902-g0f71de6fce (webtiles) character file.

Game seed: 11080456057180936584

2 Sabo the Ducker (level 1, -1/16 HPs)
             Began as a Demonspawn Gladiator on July 25, 2022.
             Frozen to death by an endoplasm (2 damage)
             ... on level 1 of the Dungeon.
             The game lasted 00:00:35 (100 turns).

Sabo the Ducker (Demonspawn Gladiator)               Turns: 100, Time: 00:00:36

Health: -1/16      AC:  4    Str: 14    XL:     1   Next: 33%
Magic:  1/1        EV: 12    Int:  9    God:
Gold:   0          SH:  0    Dex: 14    Spells: 0/0 levels left

rFire   . . .      SeeInvis .   a - +0 war axe
rCold   . . .      Faith    .   (no shield)
rNeg    . . .      Spirit   .   b - +0 leather armour
rPois   .          Reflect  .   c - +0 helmet
rElec   .          Harm     .   (no cloak)
rCorr   .          Rampage  .   (no gloves)
Will    .....                   (no boots)
Stlth   +.........              (no amulet)
HPRegen 0.05/turn               (no ring)
MPRegen 0.07/turn               (no ring)

@: no status effects
A: no striking features
a: no special abilities


You were on level 1 of the Dungeon.
You visited 1 branch of the dungeon, and saw 1 of its levels.

Inventory:

Hand Weapons
 a - a +0 war axe (weapon)
Missiles
 d - 3 throwing nets (quivered)
 e - a javelin
Armour
 b - a +0 leather armour (worn)
 c - a +0 helmet (worn)


   Skills:
 + Level 2.2 Fighting
 + Level 2.6 Axes
 + Level 1.7 Throwing
 + Level 2.6 Dodging


You couldn't memorise any spells.
You didn't know any spells.
Your spell library was empty.

Dungeon Overview and Level Annotations

Branches:
Dungeon (1/15)

Altars:


Message History

Moving in this stuff is going to be slow.
You enter the shallow water.
Moving in this stuff is going to be slow.
You open the door.
There is an open door here.
A kobold comes into view. It is wielding a +0 club.
Found a stone staircase leading down.
A hobgoblin comes into view.
The kobold shouts!
The kobold throws a stone.
The stone barely misses you.
An endoplasm comes into view.
The hobgoblin hits you.
You hit the hobgoblin.
The hobgoblin is moderately wounded.
The hobgoblin closely misses you.
You hit the hobgoblin.
You kill the hobgoblin!
The kobold closely misses you.
A goblin comes into view. It is wielding a +0 club.
The goblin shouts!
The kobold hits you with a +0 club.
You barely miss the kobold. The kobold hits you with a +0 club.
A frilled lizard comes into view.
You barely miss the kobold.
The frilled lizard hisses angrily.
The kobold closely misses you.
You barely miss the kobold. The kobold hits you with a +0 club.
The kobold closely misses you.
You hit the kobold.
You kill the kobold!
You barely miss the goblin. The goblin hits you but does no damage.
You hit the goblin.
You kill the goblin!
You hit the endoplasm. The endoplasm freezes you.
You are frozen.
* * * LOW HITPOINT WARNING * * *
The endoplasm freezes you.
You are frozen.
You die...

.#≈≈≈≈.###.≈≈≈≈#.....#
.'.....#§#.....'...#.#
)#≈≈≈≈.###.≈≈≈≈#.#.....#
.#≈.P≈.....≈.♣≈#.#...#.#
##≈P♣≈≈≈≈≈≈≈.P≈#.#.#...#
#≈.♣≈≈P♣.≈≈♣P≈#.#.#....
#≈♣P≈≈PP.≈≈PP≈#..>.....
#≈♣♣≈≈P.♣≈≈.♣≈#.J......
#≈PP≈≈♣PP≈≈P.≈#@)......
#≈♣.≈≈P♣♣≈≈.♣≈#.#......
#≈PP≈≈♣P.≈≈PP≈#.#......
#≈.P≈≈PP♣≈≈♣.≈#........
#≈≈≈≈≈≈≈≈≈≈≈≈≈#........
###############........
......... .........
.#.......


You could see an endoplasm.

Vanquished Creatures
  A goblin (D:1)
  A hobgoblin (D:1)
  A kobold (D:1)
3 creatures vanquished.

Notes
Turn   | Place    | Note
-------+----------+-------------------------------------------
     0 | D:1      | Sabo the Demonspawn Gladiator began the quest for the Orb.
     0 | D:1      | Reached XP level 1. HP: 16/16 MP: 1/1
   100 | D:1      | Frozen to death by an endoplasm

Illustrated notes

Levels and vault maps discovered:
D:1:      lightli_arrival_farm, layout_rooms, serial_shops,
          nicolae_shop_behind_doors

Action                   || total
-------------------------++-------
Melee: War axe           ||     8
Armor: Leather armour    ||     1
Dodge: Dodged            ||     5

Table legend: (Time is in decaauts)
 A = Elapsed time spent in this place.
 B = Non-inter-level travel time spent in this place.
 C = Inter-level travel time spent in this place.
 D = Time resting spent in this place.
 E = Time spent auto-exploring this place.
 F = Levels seen in this place.
 G = Mean time per level.
                   A        B        C        D        E       F      G
               +--------+--------+--------+--------+--------+-----+--------+
         Total |    136 |    136 |      0 |      0 |      0 |   1 |  136.0 |
       Dungeon |    136 |    136 |      0 |      0 |      0 |   1 |  136.0 |
               +--------+--------+--------+--------+--------+-----+--------+

Top non-repeatable levels by time:
     D:1: 136 daAuts
